 Dungeon Crawl Stone Soup version 0.32-a0-799-g95e1662365 (webtiles) character file.

Game seed: 9143887441179908245

160 zenocrate the Digger (level 5, -8/34 HPs)
             Began as an Octopode Earth Elementalist on Mar 21, 2024.
             Killed from afar by an orc wizard (9 damage)
             ... with a puff of flame
             ... on level 3 of the Dungeon.
             The game lasted 00:03:56 (2125 turns).

zenocrate the Digger (Octopode Earth Elementalist)  Turns: 2125, Time: 00:03:57

Health: -8/34      AC:  1    Str:  9    XL:     5   Next: 41%
Magic:  8/8        EV: 12    Int: 16    God:
Gold:   213        SH:  0    Dex: 12    Spells: 5/9 levels left

rFire   . . .        a - +2 quarterstaff (chaos)
rCold   . . .        (shield currently unavailable)
rNeg    . . .        (helmet restricted)
rPois   .            (no amulet)
rElec   .            (no ring)
rCorr   .            (no ring)
SInv    .            (no ring)
Will    +....        (no ring)
Stlth   ++           (no ring)
HPRegen 0.25/turn    (no ring)
MPRegen 0.11/turn    (no ring)
                     (no ring)

%: no passive effects
@: confused
A: almost no armour, amphibious, 8 rings, camouflage 1, gelatinous body 1,
(nimble swimmer 1), tentacles, dopey 1, strong-willed 1
a: no special abilities


You were on level 3 of the Dungeon.
You visited 1 branch of the dungeon, and saw 3 of its levels.

You collected 213 gold pieces.

Inventory:

Hand Weapons
 a - a +2 quarterstaff of chaos (weapon)
Jewellery
 g - a ring of ice
 j - a ring of ice
Wands
 l - a wand of flame (14)
Scrolls
 b - 2 scrolls of fog {unknown}
 c - 2 scrolls of teleportation {unknown}
 f - a scroll of revelation {unknown}
 h - a scroll of fear {unknown}
 k - a scroll of identify {unknown}
 m - 2 scrolls of noise {unknown}
 n - a scroll of amnesia {unknown}
Potions
 e - a potion of magic
 i - a potion of curing {unknown}


   Skills:
 + Level 1.7 Fighting
 + Level 2.8 Dodging
 - Level 3.3 Stealth
 + Level 2.5 Spellcasting
 * Level 2.5 Conjurations
 + Level 3.6 Earth Magic
 + Level 0.8 Evocations


You had 5 spell levels left.
You knew the following spells:

 Your Spells              Type           Power      Damage    Failure   Level
a - Sandblast             Erth           26%        2d8       4%          1
b - Stone Arrow           Conj/Erth      22%        3d8       17%         3

Your spell library contained the following spells:

 Spells                   Type           Power      Damage    Failure   Level
 Passwall                 Erth           13%        N/A       14%         3
 Brom's Barrelling Bould  Conj/Erth      11%        2d3       50%         4
 Petrify                  Alch/Erth      7%         N/A       67%         4


Dungeon Overview and Level Annotations

Branches:
Dungeon (3/15)

Altars:
The Shining One

Shops:
D:1 (


Innate Abilities, Weirdness & Mutations

You cannot wear most types of armour.
You are amphibious.
You can wear up to eight rings at the same time.
Your skin changes colour to match your surroundings (Stealth+).
Your rubbery body absorbs attacks. (AC +1, EV +1)
((You are camouflaged when in or above water. (Stealth+)))
You have tentacles for arms and can constrict up to eight enemies at once.
You are dopey. (Int -2)
You are strong-willed. (Will+)


Message History

The orc closely misses you.
The orc wizard shouts!
You are too confused!
Unknown command.
You hit the orc.
The orc flies into a frenzy!
The orc is severely wounded.
The orc hits you but does no damage.
The orc hits the orc wizard with a +0 hand axe.
The orc wizard hits you with a +0 dagger.
The orc hits you with a +0 hand axe.
The orc closely misses the orc wizard.
Unknown command.
You barely miss the orc wizard.
The orc wizard is lightly wounded.
The orc barely misses the orc wizard.
The orc hits you with a +0 hand axe.
The orc wizard gestures at you while chanting.
The orc appears confused.
The orc wizard hits you with a +0 dagger.
Unknown command.
The orc wizard gestures at you while chanting.
The magic dart hits you!
* * * LOW HITPOINT WARNING * * *
The orc wizard points at you and mumbles some strange words.
The puff of flame misses you.
The orc shouts!
The orc hits the bush but does no damage.
The orc barely misses the orc wizard.
The orc hits you with a +0 hand axe.
* * * LOW HITPOINT WARNING * * *
The orc hits the bush with a +0 hand axe.
The orc hits the bush but does no damage.
It was a potion of mutation.
You feel extremely strange.
You feel stupid.
You feel strong-willed.
The orc shouts!
The orc wizard barely misses you.
The orc hits the bush with a +0 hand axe.
The orc completely misses the bush.
The orc barely misses the orc wizard.
The orc hits the bush but does no damage.
You bump into the rock wall.
The orc wizard gestures at you while chanting.
The puff of flame hits you!
You die... #.P.PPPPP.

#.P....... #.P.P...P.P
##.P.P._.P.P #######
##..P.P...P.P # #.....##
#...P.......P.#
.>.....###.#.P.PPPPP.P.#
>..........#....).o....#
........######..@o.....#
........# ###o.....##
..<.....# .......#
........#####.##......#
...[..........##......#
......................#
.............##########
....########..# ...## ..


You could see 2 orc wizards and a neutral orc (fast, strong, frenzied,
confused).

Vanquished Creatures
  Crazy Yiuf (D:2)
  Jessica (D:2)
  4 gnolls (D:2)
  2 ribbon worms (D:2)
  A dart slug (D:1)
  An orc (D:3)
  2 bats
  7 endoplasms
  7 goblins
  4 hobgoblins
  2 jackals (D:1)
  5 kobolds
  4 quokkas
  7 ball pythons
  4 frilled lizards
  3 rats
55 creatures vanquished.

Notes
Turn   | Place    | Note
-------+----------+-------------------------------------------
     0 | D:1      | zenocrate the Octopode Earth Elementalist began the quest
                  | for the Orb.
     0 | D:1      | Reached XP level 1. HP: 11/11 MP: 3/3
   157 | D:1      | Reached XP level 2. HP: 13/17 MP: 5/5
   235 | D:1      | Found a faded altar of an unknown god.
   398 | D:1      | Found Libimayra's Antique Weapon Emporium.
   418 | D:1      | Reached XP level 3. HP: 10/22 MP: 6/6
   633 | D:1      | Learned a level 3 spell: Stone Arrow
   880 | D:2      | Reached skill level 1 in Fighting
   930 | D:2      | Reached XP level 4. HP: 9/28 MP: 7/7
  1348 | D:2      | Noticed Jessica
  1357 | D:2      | Killed Jessica
  1570 | D:2      | Reached XP level 5. HP: 32/33 MP: 8/8
  1833 | D:2      | Found a runed translucent door.
  1834 | D:2      | Noticed Crazy Yiuf
  1912 | D:2      | Killed Crazy Yiuf
  2115 | D:3      | Found a glowing golden altar of the Shining One.
  2123 | D:3      | HP: 1/34 [orc/+0 hand axe (6)]
  2124 | D:3      | Gained mutation: You are dopey. (Int -2) [potion of
                  | mutation]
  2124 | D:3      | Gained mutation: You are strong-willed. (Will+) [potion of
                  | mutation]
  2125 | D:3      | Killed from afar by an orc wizard

Illustrated notes

Levels and vault maps discovered:
D:1:      dpeg_arrival_long_road, layout_loops_ring, basic_ecumenical_altar,
          serial_shops, nicolae_square_shop
D:2:      layout_loops_ring, uniq_crazy_yiuf_cottage, uniq_jessica
D:3:      layout_rooms, okawaru_gym_becter, mainiacjoe_overflow_cross_hatched

Skill      XL: |  1  2  3  4 |
---------------+-------------+-----
Stealth        | 3 |  3.3
Fighting       | 1 |  1.7
Conjurations   | 2 |  2.5
Dodging        | |  2.8
Spellcasting   | |  2.5
Earth Magic    | |  3.6
Evocations     | |  0.8

Action                     |  1- 3 |  4- 6 || total
---------------------------+-------+-------++-------
  Melee: Unarmed           |    11 |       ||    11
         Dagger            |    52 |    34 ||    86
         Constrict         |    17 |    13 ||    30
         Tentacles         |    11 |    12 ||    23
         Quarterstaff      |       |     9 ||     9
   Cast: Sandblast         |     3 |    10 ||    13
    Use: Potion            |       |     1 ||     1
   Stab: Sleeping          |     8 |     3 ||    11
         Distracted        |       |     1 ||     1
 Armour: Skin              |    29 |    30 ||    59
  Dodge: Dodged            |    36 |    42 ||    78

Table legend: (Time is in decaauts)
 A = Elapsed time spent in this place.
 B = Non-inter-level travel time spent in this place.
 C = Inter-level travel time spent in this place.
 D = Time resting spent in this place.
 E = Time spent auto-exploring this place.
 F = Levels seen in this place.
 G = Mean time per level.
                   A        B        C        D        E       F      G
               +--------+--------+--------+--------+--------+-----+--------+
         Total |   2116 |   2041 |     75 |      0 |   1615 |   3 |  705.3 |
       Dungeon |   2116 |   2041 |     75 |      0 |   1615 |   3 |  705.3 |
               +--------+--------+--------+--------+--------+-----+--------+

Top non-repeatable levels by time:
     D:1: 1072 daAuts
     D:2: 936 daAuts
     D:3: 107 daAuts
